 Dungeon Crawl Stone Soup version 0.20.1-1-g8b1a95d (webtiles) character file.

197 AverageBear the Cutter (level 5, -2/31 HPs)
             Began as a Deep Elf Fighter on July 18, 2017.
             Slain by an orc
             ... wielding a +0 hand axe
              (5 damage)
             ... on level 3 of the Dungeon.
             The game lasted 00:02:15 (2980 turns).

AverageBear the Cutter (Deep Elf Fighter)           Turns: 2980, Time: 00:02:15

Health: -2/31      AC:  6    Str: 19    XL:     5   Next: 46%
Magic:  7/7        EV:  7    Int: 13    God:
Gold:   103        SH:  9    Dex: 14    Spells: 4/4 levels left

rFire    . . .     SeeInvis .   a - +0 rapier
rCold    . . .     Gourm    .   c - +0 shield
rNeg     . . .     Faith    .   b - +0 scale mail
rPois    .         Spirit   .   (no helmet)
rElec    .         Reflect  .   (no cloak)
rCorr    .         Harm     .   (no gloves)
MR       .....                  (no boots)
Stlth    ..........             (no amulet)
Regen    0.1/turn               (no ring)
MPRegen  0.1/turn               (no ring)

@: mighty
A: no striking features
a: no special abilities


You were on level 3 of the Dungeon.
You were not hungry.

You visited 1 branch of the dungeon, and saw 3 of its levels.

You collected 103 gold pieces.

Inventory:

Hand Weapons
 a - a +0 rapier (weapon)
 h - a -2 short sword
Armour
 b - a +0 scale mail (worn)
 c - a +0 shield (worn)
Scrolls
 e - 2 scrolls of identify
 g - 2 scrolls of magic mapping {unknown}
 l - a scroll of teleportation {unknown}
 o - a scroll of fear {unknown}
Potions
 i - 4 potions of curing {unknown}
 j - a potion of lignification {unknown}
 k - a potion of degeneration {unknown}
 n - a potion of haste {unknown}
Comestibles
 f - a bread ration
 m - 2 royal jellies
 p - a meat ration
 q - a chunk of flesh


   Skills:
 - Level 2.4 Fighting
 + Level 5.8 Short Blades
 - Level 2.4 Armour
 - Level 2.4 Shields


You had 4 spell levels left.
You didn't know any spells.

Dungeon Overview and Level Annotations

Branches:
Dungeon (3/15)

Altars:


Message History

The orc priest hits you with a short sword.
You block the orc priest's attack.
You puncture the orc priest!
You kill the orc priest!
The orc priest hits you with a short sword.
* * * LOW HITPOINT WARNING * * *
The orc hits you but does no damage. The orc hits you with a hand axe.
* * * LOW HITPOINT WARNING * * *
You closely miss the orc priest.
The orc priest looks braver for a moment.
The orc hits you but does no damage. The orc barely misses you.
You puncture the orc priest!
The orc priest is almost dead.
The orc priest hits you but does no damage.
The orc hits you but does no damage. The orc hits you with a hand axe.
* * * LOW HITPOINT WARNING * * *
You hit the orc priest.
You kill the orc priest!
The orc hits you with a hand axe.
You die...

.....?.........
#........#.#....
#..............#
+..............# ##.
......#......# ...
#+#...........# . #..
#.##..........#
#.#..##.#...oo).....#
........#.##.@).....#
........#.##..###.###
...........#....
........####.....
..........########
..................
#.#.....#.#######.
#.......#.# #
..##.###.#'##


You could see 2 orcs.

Vanquished Creatures
  2 orc priests (D:3)
  6 adders
  2 oozes
  4 worms
  2 leopard geckos
  2 giant cockroaches (D:2)
  6 goblins
  11 hobgoblins
  8 jackals
  7 bats
  4 frilled lizards
  6 kobolds
  6 rats
66 creatures vanquished.

Notes
Turn   | Place    | Note
-------+----------+-------------------------------------------
     0 | D:1      | AverageBear the Deep Elf Fighter began the quest for the Orb.
     0 | D:1      | Reached XP level 1. HP: 13/13 MP: 3/3
    10 | D:1      | Noticed a bullfrog
   321 | D:1      | Reached XP level 2. HP: 16/18 MP: 4/4
   375 | D:1      | Reached skill level 3 in Short Blades
   805 | D:1      | Reached XP level 3. HP: 17/22 MP: 5/5
  1256 | D:2      | Reached skill level 4 in Short Blades
  1850 | D:2      | Reached XP level 4. HP: 23/27 MP: 6/6
  2766 | D:2      | Reached skill level 5 in Short Blades
  2948 | D:3      | Reached XP level 5. HP: 24/31 MP: 7/7
  2980 | D:3      | Slain by an orc

Skill      XL: |  1  2  3  4 |
---------------+-------------+-----
Short Blades   | 3 4 5 |  5.8
Fighting       | |  2.4
Armour         | |  2.4
Shields        | |  2.4

Action                   |  1- 3 |  4- 6 || total
-------------------------+-------+-------++-------
Melee: Rapier            |   169 |   116 ||   285
       Short sword       |     3 |       ||     3
  Use: Scroll            |     2 |       ||     2
       Potion            |       |     1 ||     1
  Eat: Chunk             |     3 |     4 ||     7
Armor: Scale mail        |    78 |    95 ||   173
Dodge: Dodged            |    51 |    40 ||    91
Block: Shield            |    89 |    68 ||   157
